 Dungeon Crawl Stone Soup version 0.17.1-1-g73c8601 (webtiles) character file.

23658 JustSomeDude the Nimble (level 12, -5/100 HPs)
             Began as a Demonspawn Monk on Dec 26, 2015.
             Was a Priest of Nemelex Xobeh.
             Killed by divine providence
             ... invoked by an orc priest
              (10 damage)
             ... on level 4 of the Orcish Mines.
             The game lasted 01:19:43 (14885 turns).

JustSomeDude the Nimble (Demonspawn Monk)          Turns: 14885, Time: 01:19:45

Health: -5/100     AC: 27    Str: 17    XL:     12   Next: 73%
Magic:  0/18       EV:  6    Int: 13    God:    Nemelex Xobeh [***...]
Gold:   1030       SH:  0    Dex: 20    Spells: 0 memorised, 11 levels left

rFire  . . .     SeeInvis .     A - +8 short sword of the Valley of Death {pierce, rC+ Str+3 Dex+3}
rCold  + + +     Clarity  .     g - +3 plate armour {rC+}
rNeg   . . .     SustAt   .     (no shield)
rPois  .         Gourm    .     (helmet restricted)
rElec  .         Spirit   +     I - +0 cloak
rCorr  .         Warding  .     k - +1 pair of gloves
rMut   .         Stasis   +     v - +2 pair of boots
MR     +....                    V - amulet of stasis
Stlth  ..........               O - ring of protection from cold
                                r - ring of protection from magic

@: somewhat resistant to hostile enchantments, extremely unstealthy
A: horns 2, rugged brown scales 3, clumsy 1, shaggy fur 1, spiny 2, strong 1,
teleportitis 1, magic shield, magic regeneration
a: Triple Draw, Renounce Religion


You were on level 4 of the Orcish Mines.
You worshipped Nemelex Xobeh.
Nemelex Xobeh was most pleased with you.
You were not hungry.

You visited 3 branches of the dungeon, and saw 15 of its levels.

You collected 1902 gold pieces.
You spent 800 gold pieces at shops.

Inventory:

Hand Weapons
 j - a +3 dagger of flaming
 A - the +8 short sword of the Valley of Death (weapon) {pierce, rC+ Str+3 Dex+3}
   (You bought it in a shop on level 7 of the Dungeon)

   It inflicts extra damage upon your enemies.
   It affects your strength (+3).
   It affects your dexterity (+3).
   It protects you from cold.
 D - a +0 battleaxe of chopping
Missiles
 p - 2 silver tomahawks
 Q - 33 tomahawks (quivered)
Armour
 f - a +1 chain mail of fire resistance
 g - a +3 plate armour of cold resistance (worn)
 k - a +1 pair of gloves (worn)
 v - a +2 pair of boots (worn)
 I - a +0 cloak (worn)
Jewellery
 a - an uncursed amulet of regeneration
 r - a ring of protection from magic (left hand)
 O - a ring of protection from cold (right hand)
 V - an amulet of stasis (around neck)
Wands
 c - a wand of lightning (6)
 o - a wand of digging (10)
 E - a wand of frost (21)
 F - a wand of paralysis (5)
 G - a wand of invisibility (5)
 L - a wand of fire (8)
 M - a wand of polymorph (13)
Scrolls
 d - 4 scrolls of teleportation
 h - 4 scrolls of identify
 i - 2 scrolls of immolation
 m - 5 scrolls of remove curse
 n - 2 scrolls of magic mapping
 q - a scroll of fear
 s - a scroll of blinking
 t - a scroll of recharging
Books
 B - a book of Conjurations

   Spells                             Type                      Level
   a - Magic Dart                     Conjuration                  1
   b - Searing Ray                    Conjuration                  2
   c - Dazzling Spray                 Conjuration/Hexes            3
   d - Fulminant Prism                Conjuration/Hexes            4
   e - Iskenderun's Mystic Blast      Conjuration                  4
   f - Iskenderun's Battlesphere      Conjuration/Charms           5
 N - a book of the Dragon

   Spells                             Type                      Level
   a - Flame Tongue                   Conjuration/Fire             1
   b - Cause Fear                     Hexes                        4
   c - Bolt of Fire                   Conjuration/Fire             6
   d - Dragon Form                    Transmutation                7
   e - Dragon's Call                  Summoning                    9
 U - a book of Callings

   Spells                             Type                      Level
   a - Summon Small Mammal            Summoning                    1
   b - Call Imp                       Summoning                    2
   c - Call Canine Familiar           Summoning                    3
   d - Summon Guardian Golem          Hexes/Summoning              3
   e - Summon Lightning Spire         Summoning/Air                4
   f - Summon Ice Beast               Ice/Summoning                4
Miscellaneous
 e - a legendary deck of destruction {drawn: 7}
 l - a plain deck of escape
 P - an ornate deck of escape {drawn: 4}
 T - a disc of storms
 Y - an ornate deck of changes {Wild Magic}
Comestibles
 b - 8 bread rations
 z - a royal jelly


   Skills:
 + Level 8.8 Fighting
 + Level 7.9 Short Blades
 + Level 8.2 Armour
 + Level 9.7 Dodging
 + Level 8.4 Stealth
 - Level 4.4 Unarmed Combat
 + Level 8.8 Evocations


You had 11 spell levels left.
You didn't know any spells.

Dungeon Overview and Level Annotations

Branches:
Dungeon (10/15)            Temple (1/1) D:4            Lair (0/8) D:9
    Orc (4/4) D:10            Elf (0/3) Orc:4

Altars:
Ashenzari
Cheibriados
Dithmenos
Elyvilon
Fedhas
Gozag
Kikubaaqudgha
Makhleb
Nemelex Xobeh
Okawaru
Qazlal
Ru
Sif Muna
Trog
Vehumet
Xom
Yredelemnul
Zin
The Shining One
Beogh

Shops:
D:5 !   D:7 !*%((   D:8 *   Orc:3 ?

Annotations:
D:7 exclusion: ice statue


Innate Abilities, Weirdness & Mutations

You have a pair of horns on your head.
You are completely covered in rugged brown scales (AC +3, +7% HP).
You are mostly covered in sharp spines.
When hurt, damage is shared between your health and your magic reserves.
You regenerate magic rapidly.
You are clumsy. (Dex -2)
You are covered in fur (AC +1).
Your muscles are strong. (Str +2)
You are occasionally teleported next to monsters.


Message History

Something smites you!
* * * LOW HITPOINT WARNING * * *
The sun demon is struck by your spines. The sun demon closely misses you.
The orc priest calls down the wrath of Beogh upon you.
Something smites you!
* * * LOW HITPOINT WARNING * * *
The sun demon is struck by your spines. The sun demon closely misses you.
There is a stone staircase leading up, spattered with blood here.
Things that are here:
a silver tomahawk; 5 poisoned arrows You can't go down here!
Unknown command.
The sun demon hits you.
* * * LOW HITPOINT WARNING * * *
You are engulfed in flames!
* * * LOW HITPOINT WARNING * * *
The orc priest mumbles some strange prayers to Beogh against you.
Something smites you!
You die...
Your body disappears without a glow.

## #...................#...## ##
###............(<........##
.###.#..........)............##
..............................###
.............................##.#
##..#............[[[.............
##.............[....[...........#
.##...........)).))(...........##
###.......#..([[@[.............##
##.............#3)..........#...#
#.........#....oo..#............#
....#....##.....).........#.#....
.........#.......................
.....................#..........)
..........................##.....
....))....o..##.............)....
..............#.#................


You could see an orc high priest, a sun demon, an orc priest and an orc wizard.

Vanquished Creatures
  Saint Roka (Orc:3)
  Nessos (Orc:4)
  An ettin (Orc:3)
  The ghost of Elvalys the Basher, a novice MiFi of Okawaru (D:9)
  3 orc high priests (Orc:4)
  Urug (D:10)
  Nergalle (D:10)
  2 hill giants (D:10)
  2 orc sorcerers
  An ugly thing (D:10)
  Maurice (D:9)
  Psyche (D:9)
  A kobold demonologist (D:10)
  4 trolls
  A spriggan (D:8)
  2 deep elf magi (D:10)
  6 yaks (D:9)
  Menkaure (D:6)
  A hippogriff (D:10)
  2 wolves (D:9)
  2 water moccasins (D:10)
  2 wargs
  5 ice beasts
  20 orc warriors
  A necrophage (D:5)
  A black bear (D:10)
  4 phantoms
  An eye of draining (D:8)
  6 sky beasts
  14 ogres
  A centaur (D:9)
  A big kobold (D:10)
  5 giant frogs
  3 scorpions
  A giant frog zombie (D:10)
  8 wights
  3 crimson imps
  32 orc wizards
  A quasit (D:10)
  38 orc priests
  A centaur zombie (D:9)
  4 giant frog skeletons
  Crazy Yiuf (D:6)
  4 iguanas
  11 hounds
  5 jellies
  6 worker ants
  A hound zombie (D:7)
  Robin (D:2)
  7 gnolls
  2 shadow imps
  15 adders
  An adder zombie (D:7)
  3 worms
  An adder skeleton (D:6)
  8 giant geckos
  189 orcs
  9 bats
  A giant cockroach (D:2)
  5 hobgoblins
  16 jackals
  13 kobolds
  6 quokkas
  A ball python (D:2)
  A giant newt (D:2)
  15 goblins
  A jackal skeleton (D:4)
  8 rats
519 creatures vanquished.

Vanquished Creatures (collateral kills)
  A guardian serpent (D:9)
  An orc warrior (Orc:3)
  An electric eel (D:9)
  2 orc wizards
  2 orcs
7 creatures vanquished.

Vanquished Creatures (others)
  An ogre (Orc:3)
  An orc wizard (Orc:4)
  An orc (Orc:3)
  A fungus (D:6)
4 creatures vanquished.

Grand Total: 530 creatures vanquished

Notes
Turn   | Place    | Note
--------------------------------------------------------------
     0 | D:1      | JustSomeDude the Demonspawn Monk began the quest for the Orb.
     0 | D:1      | Reached XP level 1. HP: 18/18 MP: 1/1
   271 | D:1      | Gained mutation: When hurt, damage is shared between your health and your magic reserves. [demonic ancestry]
   271 | D:1      | Reached XP level 2. HP: 18/24 MP: 2/2
   315 | D:1      | Reached skill level 4 in Unarmed Combat
   749 | D:2      | Noticed Robin
   768 | D:2      | Killed Robin
   768 | D:2      | Gained mutation: You are partially covered in rugged brown scales (AC +1, +3% HP). [demonic ancestry]
   768 | D:2      | Reached XP level 3. HP: 12/29 MP: 1/3
  1074 | D:2      | Found a deep blue altar of Sif Muna.
  1319 | D:2      | Reached XP level 4. HP: 23/36 MP: 4/4
  1337 | D:2      | Found a sacrificial altar of Ru.
  1730 | D:3      | Reached skill level 1 in Short Blades
  1730 | D:3      | Gained mutation: You are partially covered in sharp spines. [demonic ancestry]
  1730 | D:3      | Reached XP level 5. HP: 28/42 MP: 5/5
  1769 | D:3      | Found an opulent altar of Gozag.
  1788 | D:3      | Reached skill level 1 in Armour
  2020 | D:3      | Found a faded altar to an unknown god.
  2067 | D:3      | Became a worshipper of Nemelex Xobeh the Trickster
  2067 | D:3      | Received a gift from Nemelex Xobeh
  2067 | D:3      | Reached * piety under Nemelex Xobeh
  2067 | D:3      | Reached ** piety under Nemelex Xobeh
  2067 | D:3      | Received a gift from Nemelex Xobeh
  2539 | D:4      | Noticed a phantom
  2586 | D:4      | Gained mutation: You are mostly covered in rugged brown scales (AC +2, +5% HP). [demonic ancestry]
  2586 | D:4      | Reached XP level 6. HP: 37/49 MP: 6/6
  2595 | D:4      | Reached skill level 1 in Evocations
  2727 | D:4      | Found a staircase to the Ecumenical Temple.
  2756 | D:4      | Killed a phantom
  2765 | D:4      | Reached *** piety under Nemelex Xobeh
  2808 | Temple   | Entered the Ecumenical Temple
  2912 | Temple   | Received a gift from Nemelex Xobeh
  3169 | D:4      | Noticed an ogre
  3177 | D:4      | Killed an ogre
  3177 | D:4      | Gained mutation: You have a pair of small horns on your head. [demonic ancestry]
  3177 | D:4      | Reached XP level 7. HP: 49/54 MP: 5/8
  3184 | D:4      | Reached skill level 5 in Dodging
  3293 | D:5      | Entered Level 5 of the Dungeon
  3295 | D:5      | Found a stormy altar of Qazlal.
  3703 | D:5      | Received a gift from Nemelex Xobeh
  3859 | D:5      | Found Bamoprox's Distillery.
  3870 | D:5      | Bought a potion of mutation for 35 gold pieces
  3870 | D:5      | Gained mutation: You are occasionally teleported next to monsters. [potion of mutation]
  3870 | D:5      | Gained mutation: You are covered in fur (AC +1). [potion of mutation]
  3870 | D:5      | Gained mutation: Your muscles are strong. (Str +2) [potion of mutation]
  4184 | D:6      | Gained mutation: You are completely covered in rugged brown scales (AC +3, +7% HP). [demonic ancestry]
  4184 | D:6      | Reached XP level 8. HP: 55/64 MP: 8/10
  4241 | D:6      | Reached **** piety under Nemelex Xobeh
  4247 | D:6      | Noticed Menkaure
  4256 | D:6      | Killed Menkaure
  4445 | D:6      | Reached skill level 6 in Dodging
  4774 | D:6      | Noticed Crazy Yiuf
  4780 | D:6      | Killed Crazy Yiuf
  4918 | D:7      | Received a gift from Nemelex Xobeh
  4939 | D:7      | Gained mutation: You have a pair of horns on your head. [demonic ancestry]
  4939 | D:7      | Reached XP level 9. HP: 56/70 MP: 10/12
  5042 | D:7      | Found Meiru's Distillery.
  5055 | D:7      | Bought a potion of poison for 15 gold pieces
  5055 | D:7      | Bought a potion of degeneration for 15 gold pieces
  5055 | D:7      | Bought a potion of poison for 15 gold pieces
  5085 | D:7      | Found Mofaimae's Antique Weapon Shop.
  5088 | D:7      | Bought a dazzling short sword for 200 gold pieces
  5088 | D:7      | Identified the +8 short sword of the Valley of Death {pierce, rC+ Str+3 Dex+3} (You bought it in a shop on level 7 of the Dungeon)
  5200 | D:7      | Found Kaaletzo's Weapon Shop.
  5405 | D:7      | Found a blossoming altar of Fedhas.
  5407 | D:7      | Found a sacrificial altar of Ru.
  5410 | D:7      | Found an ancient bone altar of Kikubaaqudgha.
  5421 | D:7      | Found a basalt altar of Yredelemnul.
  5421 | D:7      | Found a burning altar of Makhleb.
  5644 | D:7      | Found Lilisuj's General Store.
  5673 | D:7      | Found Wameimorph's Food Shop.
  5845 | D:7      | Received a gift from Nemelex Xobeh
  5912 | D:7      | Noticed an ice statue
  6065 | D:8      | Reached skill level 5 in Fighting
  6231 | D:8      | Reached skill level 5 in Evocations
  6257 | D:8      | Found Zin's Purification Station.
  6263 | D:8      | Found a glowing silver altar of Zin.
  6413 | D:7      | Bought a disc of storms for 300 gold pieces
  6480 | D:8      | Reached skill level 5 in Armour
  6480 | D:8      | Reached skill level 7 in Dodging
  6878 | D:9      | Noticed a guardian serpent
  6893 | D:9      | Killed a guardian serpent
  6939 | D:9      | Noticed Elvalys's ghost (novice MiFi)
  6984 | D:9      | Killed Elvalys's ghost
  6985 | D:9      | Reached skill level 5 in Stealth
  6985 | D:9      | Gained mutation: You regenerate magic rapidly. [demonic ancestry]
  6985 | D:9      | Reached XP level 10. HP: 81/81 MP: 11/14
  7131 | D:9      | Noticed Psyche
  7138 | D:9      | Killed Psyche
  7418 | D:9      | Received a gift from Nemelex Xobeh
  7888 | D:9      | Reached skill level 5 in Short Blades
  8011 | D:9      | Found a staircase to the Lair.
  8026 | D:9      | Noticed Maurice
  8065 | D:9      | Killed Maurice
  8245 | D:10     | Entered Level 10 of the Dungeon
  8272 | D:10     | Gained mutation: You are clumsy. (Dex -2) [mutagenic meat]
  8373 | D:10     | Reached skill level 8 in Dodging
  8426 | D:10     | Noticed a hill giant
  8451 | D:10     | Reached XP level 11. HP: 48/88 MP: 12/16
  8457 | D:10     | Killed a hill giant
  8508 | D:10     | Noticed a red ugly thing
  8516 | D:10     | Killed a red ugly thing
  8860 | D:10     | Noticed a hill giant
  8869 | D:10     | Killed a hill giant
  9136 | D:10     | Found a staircase to the Orcish Mines.
  9693 | Orc:1    | Entered Level 1 of the Orcish Mines
  9693 | Orc:1    | Noticed Urug
  9861 | Orc:1    | Noticed Nergalle
  9885 | D:10     | Killed Urug
 10136 | D:10     | Killed Nergalle
 10526 | Orc:1    | Received a gift from Nemelex Xobeh
 11296 | Orc:2    | Reached skill level 9 in Dodging
 11465 | Orc:2    | Received a gift from Nemelex Xobeh
 11632 | Orc:2    | Found a roughly hewn altar of Beogh.
 11799 | Orc:3    | Noticed an ettin
 11810 | Orc:3    | Killed an ettin
 12068 | Orc:3    | Gained mutation: You are mostly covered in sharp spines. [demonic ancestry]
 12068 | Orc:3    | Reached XP level 12. HP: 82/98 MP: 14/17
 12300 | Orc:3    | Found Ilenoqel's Magic Scroll Emporium.
 12313 | Orc:3    | Bought a scroll of fear for 59 gold pieces
 12313 | Orc:3    | Bought a scroll of recharging for 161 gold pieces
 12358 | Orc:4    | Entered Level 4 of the Orcish Mines
 12441 | Orc:4    | Found a staircase to the Elven Halls.
 12452 | Orc:4    | Noticed Saint Roka
 12997 | Orc:3    | HP: 1/98 [Saint Roka/battleaxe (10)]
 12999 | Orc:3    | Killed Saint Roka
 13423 | Orc:4    | Noticed Nessos
 14020 | Orc:4    | Killed Nessos
 14885 | Orc:4    | HP: 5/100 [sun demon[an orc high priest] (8)]
 14885 | Orc:4    | Killed from afar by an orc priest

Action                   |  1- 3 |  4- 6 |  7- 9 | 10-12 || total
-------------------------+-------+-------+-------+-------++-------
Melee: Unarmed           |    41 |       |     4 |       ||    45
       Dagger            |    70 |   173 |   193 |   111 ||   547
       Mace              |     6 |       |       |       ||     6
       Short sword       |       |       |    94 |   604 ||   698
       Battleaxe         |       |       |       |     7 ||     7
 Fire: Shortbow          |       |       |       |     2 ||     2
Throw: Tomahawk          |       |       |     1 |    17 ||    18
Invok: Triple Draw       |       |       |     1 |     2 ||     3
       Deal Four         |       |       |     1 |     3 ||     4
Evoke: Deck              |       |     2 |    12 |    13 ||    27
       Disc of storms    |       |       |     3 |    12 ||    15
       Wand              |       |       |       |     7 ||     7
  Use: Potion            |     2 |       |    10 |    17 ||    29
       Scroll            |       |       |     8 |    19 ||    27
 Stab: Sleeping          |     2 |     2 |     6 |       ||    10
       Distracted        |       |       |     1 |     4 ||     5
       Invisible         |       |       |       |     3 ||     3
       Paralysed         |       |       |       |     3 ||     3
  Eat: Bread ration      |       |     1 |     2 |     3 ||     6
       Chunk             |       |     3 |     2 |     6 ||    11
       Meat ration       |       |       |     1 |     1 ||     2
       Beef jerky        |       |       |       |     3 ||     3
